cohdb
Replays
Latest Replays
All Replays
Popular Replays
Top Player Replays
Match Explorer
How It Works
Community
CoH3 Stats
Reddit
Sign in to upload your games and track your stats! →
Sign in with Steam
Match 44517185
Unlisted
Match 44517185
Overview
Messages
Build Orders
End
Construct Infanterie Kompanie
Grenadier Squad
MG 42 Machine Gun Team
Selects Breakthrough Battlegroup
Selects Assault Grenadiers
Grenadier Squad
Grenadier Squad
Construct Luftwaffe Kompanie
Jäger Squad
Selects Smoke Bombing Run
Selects Mechanized Assault Group
Mechanized Assault Group
Selects Rapid Production
Pioneer Squad
Support Elements
Wirbelwind Flakpanzer
Wirbelwind Flakpanzer
Selects Blitzkrieg
Jäger Squad
Jäger Squad
Luftwaffe Officer Quarters
Marder III M Tank Destroyer
Jäger Squad
Selects Tiger Heavy Tank
Tiger Heavy Tank
Medical Station
MG 42 Machine Gun Team
MG 42 Bunker
MG 42 Bunker
Blitzkrieg
pp123p
MotoBomb
Gwangju's Hero Chun Doo-gwang
MDJ1305
0
0
Comments
sign in to comment!
No comments posted yet!